[Event "*** Titled Tuesday Blitz"]
[Site "Chess.com"]
[Date "2021.03.02"]
[Round "4"]
[White "Kostukov_Alex"]
[Black "JoakimVonAnd"]
[Result "0-1"]
[WhiteElo "2323"]
[BlackElo "2497"]
[TimeControl "180+1"]
[EndTime "10:39:27 PST"]
[Termination "JoakimVonAnd won by resignation"]

1. g3 d5 2. Bg2 e5 3. d3 Nc6 4. e4 dxe4 5. dxe4 Qxd1+ 6. Kxd1 Bg4+ 7. f3 O-O-O+ 8. Nd2 Be6 9. Bh3 Bc5 10. Bxe6+ fxe6 11. c3 a5 12. Ke2 Nge7 13. a4 Rhf8 14. Nc4 Kb8 15.
Nh3 h6 16. Be3 Bxe3 17. Kxe3 Nc8 18. Nf2 Nd6 19. Nxd6 cxd6 20. Nd3 b6 21. b4 axb4 22. cxb4 Nd4 23. Raf1 Rc8 24. f4 Nc2+ 25. Kd2 exf4 26. Rxf4 Nd4 27. Rxf8 Rxf8 28. Ke3 e5 29. Rc1 Rf3+ 30.
Kd2 Nb3+ 31. Ke2 Rxd3 32. Rf1 Rd2+ 33. Ke3 Rxh2 34. Rf8+ Kb7 35. Rf7+ Kc6 36. Rxg7 Nd4 37. b5+ Kc5 38. Rc7+ Kb4 39. Rb7 Kxa4 40. Rxb6 Nxb5 41. Kf3 Kb4 42. Rc6 Nd4+ 0-1

[Event "*** Titled Tuesday Blitz"]
[Site "Chess.com"]
[Date "2021.03.02"]
[Round "4"]
[White "Hikaru"]
[Black "baki83"]
[Result "1-0"]
[WhiteElo "3242"]
[BlackElo "2808"]
[TimeControl "180+1"]
[EndTime "10:39:28 PST"]
[Termination "Hikaru won by resignation"]

1. e4 e5 2. Nf3 Nc6 3. Bb5 Nf6 4. d3 Bc5 5. Bxc6 dxc6 6. Nbd2 Be6 7. Qe2 Bd6 8. Nc4 Nd7 9. b3 f6 10. O-O O-O 11.
Nh4 a5 12. a4 Bb4 13. Ne3 Bc3 14. Rb1 g6 15. Bd2 Bd4 16. Kh1 b5 17. Ng4 Kh8 18. g3 f5 19. exf5 gxf5 20. Ne3 f4 21. Nd1 f3 22.
Qe1 Bh3 23. Rg1 Qf6 24. Nc3 Nc5 25. axb5 Rae8 26. Ne4 Nxe4 27. dxe4 cxb5 28. Bxa5 Qc6 29. c3 Ba7 30. Bb4 Rf7 31. Rd1 Rg8 32. Rd5 Qh6 33.
Bc5 c6 34. Rxe5 Bb8 35. Bd4 Rfg7 36. Re7 c5 37. Bxg7+ Rxg7 38. Rxg7 1-0

[Event "*** Titled Tuesday Blitz"]
[Site "Chess.com"]
[Date "2021.03.02"]
[Round "4"]
[White "urutodo"]
[Black "profofchess"]
[Result "0-1"]
[WhiteElo "2300"]
[BlackElo "2468"]
[TimeControl "180+1"]
[EndTime "10:39:28 PST"]
[Termination "profofchess won on time"]

1. e4 e6 2. d4 d5 3. exd5 exd5 4. Bf4 Nc6 5. Nc3 Bf5 6. Bd3 Bxd3 7. Qxd3 Bb4 8. Nf3 Nge7 9. O-O O-O 10. Rfe1 Ng6 11.
Bg3 Qd7 12. a3 Bxc3 13. Qxc3 Rae8 14. Qd3 f5 15. Ne5 Ncxe5 16. Bxe5 Nxe5 17. dxe5 Qe6 18.
Rad1 Rd8 19. f4 Qb6+ 20. Kh1 Qe6 21. Re3 c5 22. c3 d4 23. cxd4 Rxd4 24. Qf1 Rfd8 25.
Rxd4 Rxd4 26. Re1 a6 27. Qe2 Rxf4 28. Qd3 Rd4 29. Qc3 b6 30. h3 a5 31. Kh2 f4 32.
Qf3 Qd5 33. Qg4 f3 34. gxf3 Rxg4 35. e6 Qd2+ 0-1

[Event "*** Titled Tuesday Blitz"]
[Site "Chess.com"]
[Date "2021.03.02"]
[Round "4"]
[White "kikydu96"]
[Black "NaciSAN"]
[Result "1-0"]
[WhiteElo "2574"]
[BlackElo "2307"]
[TimeControl "180+1"]
[EndTime "10:39:29 PST"]
[Termination "kikydu96 won on time"]

1. e4 e5 2. Nf3 Nc6 3. Bc4 Bc5 4. c3 Nf6 5. d3 d6 6. O-O a6 7. Bb3 Ba7 8. Nbd2 h6 9. Re1 O-O 10. h3 Nh5 11. Nf1 Qf6 12. Ne3 Ne7 13. d4 Nf4 14.
dxe5 dxe5 15. Nd5 Nexd5 16. exd5 Bxh3 17. Bxf4 Qxf4 18. gxh3 e4 19. Nd4 f5 20. Qe2 Rf6 21. Kh1 Qh4 22. Qf1 Bxd4 23. cxd4 Kh8 24. Rac1 Re8 25.
Rxc7 f4 26. Qg2 g5 27. Kh2 e3 28. Rc2 Ref8 29. Qg4 Qxg4 30. hxg4 exf2 31. Rxf2 Kg7 32. Kg2 Kg6 33. Kf3 h5 34. gxh5+ Kxh5 35. Rh1+ Kg6 36.
Bc2+ Kf7 37. Rh7+ Ke8 38. Re2+ Kd8 39. Ree7 1-0

[Event "*** Titled Tuesday Blitz"]
[Site "Chess.com"]
[Date "2021.03.02"]
[Round "4"]
[White "Cuajada_Zero"]
[Black "zmeeed67"]
[Result "1-0"]
[WhiteElo "2270"]
[BlackElo "2422"]
[TimeControl "180+1"]
[EndTime "10:39:29 PST"]
[Termination "Cuajada_Zero won on time"]

1. d4 d5 2. c4 e6 3. Nc3 c6 4. Nf3 Nf6 5. g3 dxc4 6. Bg2 b5 7. O-O Bb7 8. e4 Nbd7 9. e5 Nd5 10. Ng5 Be7 11.
Qh5 g6 12. Qh6 Bf8 13. Qh3 Nxc3 14. bxc3 Qc7 15. a4 a6 16. Nxe6 fxe6 17. Qxe6+ Be7 18. Bg5 Nf8 19. Qg4 Bxg5 20. Qxg5 Qe7 21. Qg4 Ne6 22.
f4 O-O-O 23. axb5 cxb5 24. Rfd1 Bxg2 25. Kxg2 Kb8 26. d5 Nc5 27. d6 Qb7+ 28. Kg1 Rhe8 29. Rd4 Nb3 30. Rad1 Nxd4 31. cxd4 Qd7 32. Qf3 Qb7 33.
d5 Rc8 34. Kg2 c3 35. e6 c2 36. Rc1 Rcd8 37. d7 Rxe6 38. dxe6 Qb6 39. e7 1-0

[Event "*** Titled Tuesday Blitz"]
[Site "Chess.com"]
[Date "2021.03.02"]
[Round "4"]
[White "Vallek86"]
[Black "Mikhail_Golubev"]
[Result "0-1"]
[WhiteElo "2357"]
[BlackElo "2593"]
[TimeControl "180+1"]
[EndTime "10:39:30 PST"]
[Termination "Mikhail_Golubev won by resignation"]

1. d4 Nf6 2. Bg5 d5 3. Bxf6 gxf6 4. e3 c5 5. c3 e5 6. dxe5 fxe5 7. Nd2 Nc6 8. Qh5 Qf6 9. Ngf3 e4 10. Ng1 Be6 11. Ne2 O-O-O 12. Nf4 d4 13. Nxe4 Qe7 14. Nxe6 Qxe6 15.
Nxc5 Bxc5 16. Qxc5 Rd5 17. Bc4 Rxc5 18. Bxe6+ fxe6 19. exd4 Rg5 20. g3 e5 21. d5 Ne7 22. Rd1 Rd8 23. c4 Nf5 24. Ke2 Nd4+ 25. Ke3 Nf5+ 26. Ke2 Rg4 27. b3 Nd4+ 28. Ke3 Rf8 29. f4 Nf5+ 30.
Kf3 h5 31. fxe5 Nxg3+ 32. Ke3 Nxh1 33. Rxh1 Kd7 34. Re1 b6 35. Kd3 Rf3+ 36. Kc2 Rg2+ 37. Kc1 Rxa2 38. Kb1 Ra3 39. e6+ Ke8 0-1

[Event "*** Titled Tuesday Blitz"]
[Site "Chess.com"]
[Date "2021.03.02"]
[Round "4"]
[White "Twitch_ElhamBlitz05"]
[Black "NicoChasin"]
[Result "0-1"]
[WhiteElo "2807"]
[BlackElo "2554"]
[TimeControl "180+1"]
[EndTime "10:39:32 PST"]
[Termination "NicoChasin won by resignation"]

1. e4 c5 2. Nf3 e6 3. b4 cxb4 4.
d4 d5 5. e5 Nc6 6. a3 bxa3 7. c3 b6 8. Bxa3 Bxa3 9. Nxa3 Nge7 10. Bd3 a5 11. Nb5 h6 12. Nd6+ Kf8 13. O-O Ba6 14.
Bxa6 Rxa6 15. Nh4 Nc8 16. Nxc8 Qxc8 17. f4 g6 18. Kh1 Ne7 19. Qd2 Ra7 20. g4 Rc7 21.
Rf3 h5 22. Rg1 hxg4 23. Rxg4 Rh5 24. Ng2 b5 25. Rg5 Rxg5 26. fxg5 Nf5 27. Ne3 Rxc3 28. Rh3 Rc1+ 29. Kg2 Nxe3+ 30. Qxe3 Qc2+ 31. Kf3 Qd1+ 32. Kg3 Qg1+ 33. Qxg1 Rxg1+ 34. Kf2 Rxg5 35. Rc3 Rg4 36. Rc5 Rxd4 37. Rxb5 a4 38. Ra5 Re4 39. Kf3 Rxe5 40. Rxa4 Kg7 41. Kg3 Re3+ 42. Kg2 Rb3 43. Ra2 g5 44.
Rd2 Kg6 45. Rd1 f5 46. Re1 Kf6 47. Rd1 Rb2+ 48. Rd2 Rxd2+ 0-1

[Event "*** Titled Tuesday Blitz"]
[Site "Chess.com"]
[Date "2021.03.02"]
[Round "4"]
[White "Korchmar_Vasiliy"]
[Black "iturrizaga"]
[Result "0-1"]
[WhiteElo "2624"]
[BlackElo "2854"]
[TimeControl "180+1"]
[EndTime "10:39:33 PST"]
[Termination "iturrizaga won by resignation"]

1. d4 Nf6 2. Nf3 b6 3. Bg5 Ne4 4. Bh4 Bb7 5. Nbd2 Nd6 6. g4 h5 7. g5 Nf5 8. Bg3 Nxd4 9. e4 Nxf3+ 10. Qxf3 e6 11. O-O-O Qxg5 12. Bxc7 Nc6 13. Kb1 Rc8 14. Bf4 Qg4 15. Qxg4 hxg4 16. Nc4 f6 17. Bd6 Na5 18.
Bxf8 Nxc4 19. Bxg7 Rg8 20. Bxf6 Bxe4 21. Rg1 Rf8 22.
Bd4 Rf4 23. Bd3 Bf3 24. Bg6+ Ke7 25. Rd3 Be2 26. Be3 Bxd3 27. Bxf4 Bxg6 28. Rxg4 Bxc2+ 29. Ka1 Kf7 30. b3 Na5 31. Kb2 Bf5 32. Be5 Bxg4 0-1

[Event "*** Titled Tuesday Blitz"]
[Site "Chess.com"]
[Date "2021.03.02"]
[Round "4"]
[White "Chernov_Mikhail"]
[Black "LawrenceTrent"]
[Result "0-1"]
[WhiteElo "2339"]
[BlackElo "2536"]
[TimeControl "180+1"]
[EndTime "10:39:33 PST"]
[Termination "LawrenceTrent won by resignation"]

1. e4 e6 2. d4 d5 3. c4 dxe4 4. Nc3 Nf6 5. f3 e3 6. Bxe3 Bb4 7. Qc2 O-O 8. O-O-O c5 9. d5 Qa5 10. a3 Bxc3 11.
Qxc3 Qxc3+ 12. bxc3 b6 13. g4 Bb7 14. g5 Nh5 15. Bh3 Na6 16. Ne2 Rad8 17. Bg4 g6 18. d6 Ng7 19. Ng3 Nf5 20. Bf4 Rd7 21. Ne4 Bxe4 22.
fxe4 Ng7 23. Be5 Nb8 24. Bf6 Nc6 25. e5 Rc8 26. h4 Ne8 27. h5 Nxf6 28. exf6 Ne5 29.
Be2 Rcd8 30. hxg6 fxg6 31. Rh4 Rxd6 32. Rdh1 R8d7 33. Bd1 Nd3+ 34. Kb1 Nf2 35. Bg4 Nxh1 36. Rxh1 h5 37. gxh6 Kh7 38. Rf1 Rf7 39. Be2 e5 40.
Bf3 Rdxf6 0-1

[Event "*** Titled Tuesday Blitz"]
[Site "Chess.com"]
[Date "2021.03.02"]
[Round "4"]
[White "Grandmaster2B"]
[Black "Flawless_Fighter"]
[Result "1-0"]
[WhiteElo "2500"]
[BlackElo "2641"]
[TimeControl "180+1"]
[EndTime "10:39:34 PST"]
[Termination "Grandmaster2B won by resignation"]

1. e4 c6 2. d4 g6 3. Bd3 Bg7 4. Nf3 d5 5. exd5 cxd5 6. c3 Nc6 7. h3 Nh6 8. O-O O-O 9. Re1 Re8 10. Na3 Nf5 11.
Nc2 f6 12. c4 e6 13. Rb1 dxc4 14. Bxc4 Qd6 15. b4 Bd7 16. a3 Rac8 17. Bb3 Nce7 18.
Bb2 Nd5 19. Ne3 Nfxe3 20. fxe3 Bh6 21. Qd3 a6 22. Nd2 Bb5 23. Qe4 f5 24. Qf3 Kh8 25. Rbc1 Rc6 26. Nc4 Bxc4 27. Rxc4 Rec8 28. Rc5 b6 29. e4 bxc5 30. dxc5+ Bg7 31. Bxg7+ Kxg7 32. cxd6 Nc3 33. e5 Ne4 34. Bxe6 Rc2 35. Bxc8 Rxc8 36. Rxe4 1-0

[Event "*** Titled Tuesday Blitz"]
[Site "Chess.com"]
[Date "2021.03.02"]
[Round "4"]
[White "Berardino"]
[Black "zimmm36"]
[Result "1-0"]
[WhiteElo "2572"]
[BlackElo "2302"]
[TimeControl "180+1"]
[EndTime "10:39:34 PST"]
[Termination "Berardino won on time"]

1. e4 c5 2. Nf3 Nc6 3. Nc3 d6 4.
d4 cxd4 5. Nxd4 Nf6 6. Bc4 Qb6 7. Nde2 e6 8. O-O a6 9. Bb3 Be7 10. Ng3 O-O 11. Bg5 Qc7 12. f4 b5 13. Kh1 Bb7 14. f5 Na5 15. fxe6 Nxb3 16. exf7+ Rxf7 17. axb3 b4 18. Bxf6 Bxf6 19. Nd5 Bxd5 20. Qxd5 Rf8 21. Rxa6 Qxc2 22. Rxd6 Qxb2 23. Rd7 Qe5 24. Qxe5 Bxe5 25. Rfxf7 Rxf7 26. Rd8+ Rf8 27. Rxf8+ Kxf8 28. Kg1 Ke7 29. Kf2 Kf6 30. Kf3 Bc3 31. Ne2 Be5 32. h3 Kg5 33. Nc1 Kh4 34. Nd3 Bc3 35. e5 Kg5 36.
Ke4 Kg6 37. Kd5 Kf7 38. e6+ Ke7 39. Ne5 Be1 40. Nc6+ Ke8 41. Kc4 1-0

[Event "*** Titled Tuesday Blitz"]
[Site "Chess.com"]
[Date "2021.03.02"]
[Round "4"]
[White "1random"]
[Black "Xeniya2005"]
[Result "1-0"]
[WhiteElo "2660"]
[BlackElo "2356"]
[TimeControl "180+1"]
[EndTime "10:39:34 PST"]
[Termination "1random won by checkmate"]

1. e4 e6 2. d4 d5 3. Nd2 c5 4. exd5 Qxd5 5. Ngf3 cxd4 6. Bc4 Qd6 7. O-O Nf6 8. Nb3 Nc6 9. Nbxd4 Nxd4 10. Nxd4 Be7 11.
c3 O-O 12. Qf3 a6 13. Bb3 Qc7 14. Re1 Re8 15. Bg5 Bd7 16. Rad1 Rad8 17. h4 h6 18. Bf4 Qc8 19. h5 Nh7 20. Qg3 Kh8 21. Bc7 Bh4 22. Qh2 Bf6 23. Bxd8 Bxd8 24. Qf4 Ng5 25. Nf3 Bc7 26. Qe3 Nxf3+ 27. Qxf3 Kg8 28. Bc2 Bc6 29. Be4 Bxe4 30. Qxe4 Bb8 31. g3 Qc7 32. Rd3 Qe7 33. Red1 b5 34. Qf3 Qg5 35. Rd7 Rf8 36. Kg2 f5 37. Qe2 f4 38. Qxe6+ Kh8 39. Qg6 Qc5 40. Qxg7# 1-0

[Event "*** Titled Tuesday Blitz"]
[Site "Chess.com"]
[Date "2021.03.02"]
[Round "4"]
[White "FontVella8"]
[Black "RobertoJBM"]
[Result "0-1"]
[WhiteElo "2500"]
[BlackElo "2718"]
[TimeControl "180+1"]
[EndTime "10:39:35 PST"]
[Termination "RobertoJBM won by resignation"]

1. e4 c6 2. d4 d5 3. e5 Bf5 4. Nf3 e6 5. Be2 Nd7 6. O-O h6 7. Nbd2 Ne7 8. Nb3 Bh7 9. a4 Ng6 10. a5 a6 11. Be3 Rc8 12. c4 dxc4 13. Bxc4 Be7 14. Nfd2 O-O 15. f4 Kh8 16. g3 Qc7 17. Qf3 Rcd8 18. Ne4 f6 19. Qg2 fxe5 20. dxe5 Ngxe5 21. fxe5 Qxe5 22. Nbd2 Nf6 23. Rf4 Rxd2 24. Bxd2 Bxe4 25.
Bc3 Qc5+ 26. Qf2 Qxc4 27. Re1 Qd5 28. Bxf6 Rxf6 29. Rexe4 Bc5 30. Rd4 Rxf4 31. Rxd5 Bxf2+ 0-1

[Event "*** Titled Tuesday Blitz"]
[Site "Chess.com"]
[Date "2021.03.02"]
[Round "4"]
[White "Onischuk_V"]
[Black "enriquetejedor"]
[Result "1-0"]
[WhiteElo "2817"]
[BlackElo "2538"]
[TimeControl "180+1"]
[EndTime "10:39:35 PST"]
[Termination "Onischuk_V won on time"]

1. Nf3 d5 2. g3 Nc6 3. d4 f6 4. Bg2 e5 5. dxe5 fxe5 6. c4 d4 7. O-O Nf6 8. e3 Be7 9. exd4 exd4 10. Bf4 O-O 11. Ne5 Nxe5 12. Bxe5 c5 13. Bxf6 Bxf6 14. Bd5+ Kh8 15. Nd2 Rb8 16. Ne4 b5 17. b3 bxc4 18. bxc4 Be7 19. Qh5 Bf5 20. Rab1 Qd7 21. Rxb8 Rxb8 22.
Re1 g6 23. Qh6 Bf8 24. Qf4 Re8 25. Rb1 Bxe4 26. Bxe4 Bh6 27. Qxh6 Qg7 28. Qxg7+ Kxg7 29. f3 Kf6 30. Kf2 Re7 31. Rb7 Re6 32. Rxa7 Rb6 33.
Rb7 Ra6 34. Rb2 h6 35. h4 g5 36. h5 Ke5 37. Kg2 g4 38. Re2 gxf3+ 39. Bxf3+ Kf5 40.
g4+ Kf4 41. Re4+ Kg5 42. Re5+ Kf4 43. Re4+ Kg5 44. Kg3 Rxa2 45. Re6 Rg2+ 46. Bxg2 1-0

[Event "*** Titled Tuesday Blitz"]
[Site "Chess.com"]
[Date "2021.03.02"]
[Round "4"]
[White "Grieve72"]
[Black "Shahaliyev"]
[Result "1-0"]
[WhiteElo "2537"]
[BlackElo "2709"]
[TimeControl "180+1"]
[EndTime "10:39:35 PST"]
[Termination "Grieve72 won by resignation"]

1. d4 Nf6 2. Bg5 d5 3. Bxf6 gxf6 4. c4 c6 5. e3 Bf5 6. Qb3 Qb6 7. Nc3 Qxb3 8.
axb3 e6 9. c5 e5 10. b4 Bh6 11.
Nf3 Nd7 12. b5 Kd8 13. Be2 Kc7 14. b4 Rhg8 15. bxc6 bxc6 16. b5 Be4 17. bxc6 Kxc6 18. Ra6+ Kc7 19. Nb5+ Kd8 20. O-O Ke7 21. Rfa1 Rgb8 22.
Rxa7 Rxa7 23. Rxa7 Bxf3 24. gxf3 Ke6 25. Nc7+ Kf5 26.
Nxd5 Nf8 27. Bd3+ Kg5 28. c6 Ng6 29. c7 Rc8 30. Ba6 Rg8 31. c8=Q 1-0

[Event "*** Titled Tuesday Blitz"]
[Site "Chess.com"]
[Date "2021.03.02"]
[Round "4"]
[White "Majesth"]
[Black "ulkaf961"]
[Result "0-1"]
[WhiteElo "2566"]
[BlackElo "2382"]
[TimeControl "180+1"]
[EndTime "10:39:35 PST"]
[Termination "ulkaf961 won on time"]

1. d4 d5 2. Bg5 g6 3. c4 c6 4.
cxd5 cxd5 5. Nc3 Bg7 6. e3 Nf6 7. Nf3 O-O 8. h3 Nc6 9. Bd3 Bf5 10. O-O Bxd3 11. Qxd3 a6 12. Rac1 Rc8 13. Na4 Qa5 14. b3 Ne4 15. Nc5 Nb4 16. Qb1 Nxc5 17. dxc5 Rfe8 18.
e4 Nxa2 19. Bd2 Qa3 20. Rc2 Nb4 21. Rcc1 dxe4 22. Qxe4 a5 23. Ne5 Qxb3 24. Nd7 Rc7 25. Nb6 Nc6 26. Qf4 e5 27. Qe4 Qe6 28. Nd5 Rd7 0-1

[Event "*** Titled Tuesday Blitz"]
[Site "Chess.com"]
[Date "2021.03.02"]
[Round "4"]
[White "Alniro4"]
[Black "Sergey85Rodchenkov"]
[Result "0-1"]
[WhiteElo "2303"]
[BlackElo "2470"]
[TimeControl "180+1"]
[EndTime "10:39:35 PST"]
[Termination "Sergey85Rodchenkov won on time"]

1. e4 c5 2. c3 d5 3. exd5 Qxd5 4. d4 Nf6 5. Nf3 Nc6 6. dxc5 Qxd1+ 7. Kxd1 e6 8. Be3 Ng4 9. b4 Nxe3+ 10. fxe3 a5 11.
Bb5 Bd7 12. Bxc6 Bxc6 13. Nbd2 g6 14. Kc2 Bg7 15. a3 O-O 16. Nc4 Ba4+ 17. Kb2 axb4 18. axb4 Bc6 19. Ra5 h5 20. Rha1 Rxa5 21. Nxa5 Be4 22.
Nc4 Bh6 23. Re1 Ra8 24. Nd6 Bd3 25. Ne5 Bf5 26. e4 f6 27. exf5 fxe5 28. fxe6 Kf8 29.
Rxe5 Ke7 30. Nxb7 Bg7 31. Re3 Rb8 32. Nd6 Rxb4+ 33. Kc2 Rb8 34. Kd3 Bh6 35. Re2 Bf4 36. Kc4 Bxh2 37. g4 Bxd6 38. cxd6+ Kxd6 39. gxh5 gxh5 40. e7 Re8 41. Kd4 h4 42. Re4 h3 43. Rh4 Rxe7 44.
Rxh3 Re1 45. Rh6+ Kc7 46. c4 Rg1 0-1

[Event "*** Titled Tuesday Blitz"]
[Site "Chess.com"]
[Date "2021.03.02"]
[Round "4"]
[White "MaxLeto"]
[Black "VladaSviridova"]
[Result "1-0"]
[WhiteElo "2418"]
[BlackElo "2229"]
[TimeControl "180+1"]
[EndTime "10:39:35 PST"]
[Termination "MaxLeto won by resignation"]

1. g4 d5 2. Bg2 Bxg4 3. c4 Nf6 4. Qb3 Bc8 5. cxd5 c6 6. Nc3 g6 7. d3 Bg7 8. Bf4 O-O 9. O-O-O cxd5 10. Nxd5 Nxd5 11.
Bxd5 Nc6 12. a3 Nd4 13. Qa2 e6 14. Bg2 e5 15. Bd2 Be6 16. Qb1 Rc8+ 17. Bc3 Qb6 18. Kd2 Nb3+ 19. Ke1 Nc5 20. Nf3 f6 21. Nd2 Na4 22.
Bb4 Rfd8 23. Nc4 Bxc4 24. dxc4 a5 25. Rxd8+ Qxd8 26. Bd2 Rxc4 27. b3 Nc3 28. Qc2 Rc6 29. Bxc6 bxc6 30. Bxc3 Qd5 31. Rg1 f5 32. Bb2 Kf7 33.
Qc4 1-0

[Event "*** Titled Tuesday Blitz"]
[Site "Chess.com"]
[Date "2021.03.02"]
[Round "4"]
[White "BrandonJacobson"]
[Black "ENajer77"]
[Result "0-1"]
[WhiteElo "2789"]
[BlackElo "2623"]
[TimeControl "180+1"]
[EndTime "10:39:36 PST"]
[Termination "ENajer77 won by resignation"]

1. d4 Nf6 2. c4 e6 3. Nf3 Bb4+ 4. Nbd2 O-O 5. a3 Be7 6. e4 d6 7. Be2 a5 8. b3 e5 9. Bb2 exd4 10. Nxd4 Nc6 11.
O-O Nd7 12. Nb5 Nc5 13. f3 f5 14. exf5 Bxf5 15. Nb1 a4 16. b4 Nb3 17. Ra2 Bxb1 18. Qd5+ Kh8 19. Rxb1 Nxb4 20. axb4 c6 21. Qh5 Bf6 22.
Bd3 g6 23. Bxg6 Qe7 24. Bxh7 Qxh7 25. Qxh7+ Kxh7 26. Nxd6 Bxb2 27. Rbxb2 b6 28. Ra3 Rfd8 29. Ne4 Rd4 30. Nc3 Rxc4 31. Nxa4 Nd4 32. Rc3 b5 33. Nb6 Ra1+ 34. Kf2 Rxc3 35. Rd2 Rc2 36. Ke3 Ra3+ 37. Rd3 Nf5+ 38. Ke4 Re2+ 0-1

[Event "*** Titled Tuesday Blitz"]
[Site "Chess.com"]
[Date "2021.03.02"]
[Round "4"]
[White "woodhy"]
[Black "NTBT_DHS"]
[Result "0-1"]
[WhiteElo "2467"]
[BlackElo "2763"]
[TimeControl "180+1"]
[EndTime "10:39:36 PST"]
[Termination "NTBT_DHS won by resignation"]

1. e4 g6 2. d4 Bg7 3. Nf3 d6 4.
Be3 Nf6 5. Nbd2 O-O 6. Bd3 Ng4 7. O-O c5 8. c3 Nc6 9. Qe2 Nxe3 10. fxe3 e5 11. Qf2 b6 12. Rad1 Qe7 13. Bc4 Bb7 14.
Bd5 Nd8 15. Bxb7 Qxb7 16. Qh4 h6 17. Nc4 Qc7 18. dxe5 dxe5 19. Rd5 Nc6 20. Rfd1 Rad8 21.
Rxd8 Rxd8 22. Rxd8+ Nxd8 23. Ncxe5 Qd6 24. Nc4 Qd1+ 25.
Qe1 Qc2 26. Qd2 Qb1+ 27. Kf2 Ne6 28. Qd7 Qxa2 29. Nfe5 Bxe5 30. Nxe5 Ng5 31. Qd8+ Kg7 32. Nd7 Qxb2+ 33. Kg3 Qxc3 34. Qf8+ Kh7 35. h4 Qxe3+ 36.
Kh2 Qf4+ 37. g3 Qf2+ 38. Kh1 Nxe4 39. Nf6+ Qxf6 0-1

[Event "*** Titled Tuesday Blitz"]
[Site "Chess.com"]
[Date "2021.03.02"]
[Round "4"]
[White "Euwe1234"]
[Black "QuintilianoR"]
[Result "0-1"]
[WhiteElo "2464"]
[BlackElo "2711"]
[TimeControl "180+1"]
[EndTime "10:39:37 PST"]
[Termination "QuintilianoR won on time"]

1. e4 e6 2. d4 d5 3. Nc3 Nf6 4. Bg5 dxe4 5. Nxe4 Be7 6. Bxf6 Bxf6 7. c3 Nd7 8. Nf3 O-O 9. Bd3 Be7 10. Qc2 h6 11. Rd1 c5 12. dxc5 Qc7 13. c6 bxc6 14. O-O c5 15. c4 Bb7 16. Rfe1 Rad8 17. b3 Nb8 18. Qc3 Nc6 19. Bb1 Rxd1 20. Rxd1 Rd8 21. Rxd8+ Qxd8 22. Qd2 Nd4 23. Nxd4 Qxd4 24. Qxd4 cxd4 25. f3 g6 26. Kf1 f5 27. Nf2 e5 28. Ke2 Kg7 29. g4 Kf6 30. Bd3 a5 31. Bc2 Bd6 32. Bd3 h5 33. h3 Kg5 34.
gxh5 gxh5 35. h4+ Kf6 36. Bc2 Ke6 37. Nh1 e4 0-1

[Event "*** Titled Tuesday Blitz"]
[Site "Chess.com"]
[Date "2021.03.02"]
[Round "4"]
[White "MelihKaanCan"]
[Black "GelmanAlexander"]
[Result "0-1"]
[WhiteElo "2393"]
[BlackElo "2553"]
[TimeControl "180+1"]
[EndTime "10:39:37 PST"]
[Termination "GelmanAlexander won by resignation"]

1. d4 Nf6 2. c4 c5 3. d5 b5 4. cxb5 a6 5. bxa6 e6 6. Nc3 exd5 7. Nxd5 Nxa6 8. Nf3 Nxd5 9. Qxd5 Nc7 10. Qe4+ Be7 11. Bg5 d5 12. Qxe7+ Qxe7 13. Bxe7 Kxe7 14. e3 Bf5 15.
Be2 Rhb8 16. O-O Rxb2 17. Rfe1 Raxa2 18. Rxa2 Rxa2 19. Kf1 Ne6 20. Rd1 Be4 21. Nd2 Bc2 22. Rc1 Kd6 23. Ke1 f5 24. Bf3 g5 25. Be2 g4 26. f3 h5 27. h3 g3 28. f4 h4 29. Nf3 Be4 30. Nxh4 d4 31. exd4 Nxd4 32. Bc4 Nc2+ 33. Kd2 Rb2 34. Kc3 Rb4 35. Bd3 Nd4 36.
Bxe4 fxe4 37. Re1 Kd5 38. Ng6 Rb3+ 39. Kd2 Rb2+ 40. Kc1 Rxg2 41. Ne7+ Kd6 42. Rxe4 Rg1+ 43. Kd2 g2 44. Rxd4+ cxd4 45. Nf5+ Kd5 46. Ne7+ Ke4 0-1

[Event "*** Titled Tuesday Blitz"]
[Site "Chess.com"]
[Date "2021.03.02"]
[Round "4"]
[White "alejogarcia1999"]
[Black "TeukkaSalama"]
[Result "0-1"]
[WhiteElo "2530"]
[BlackElo "2385"]
[TimeControl "180+1"]
[EndTime "10:39:37 PST"]
[Termination "TeukkaSalama won by resignation"]

1. Nf3 f5 2. g3 Nf6 3. Bg2 e6 4. c4 d5 5. cxd5 exd5 6. d3 Nc6 7. O-O Be7 8. Nc3 O-O 9. e4 dxe4 10. Qb3+ Kh8 11.
dxe4 fxe4 12. Ng5 Qe8 13. Ncxe4 Qg6 14. Be3 Bf5 15. Nxf6 Bxf6 16. Qxb7 Ne5 17. Qxa8 Rxa8 18. Bxa8 Bxg5 19. Bxg5 Be4 20. f4 Qb6+ 21. Rf2 Ng4 22. Rf1 Bxa8 23. h3 Qc6 24. Rf3 Nf6 25. Bxf6 gxf6 26. Kg2 Qc5 27. Rf2 Bxf3+ 28. Kxf3 Qd5+ 29.
Kg4 Qxa2 30. Re2 Qc4 31. Re8+ Kg7 32. Re7+ Kf8 33. Rxh7 Qe2+ 34. Kh4 Qc2 35. Rd7 a5 36. Rd5 a4 37. Rb5 Kf7 38. Rb7 Ke6 39. g4 Qf2+ 40. Kh5 Qf3 41. h4 Qxb7 0-1

[Event "*** Titled Tuesday Blitz"]
[Site "Chess.com"]
[Date "2021.03.02"]
[Round "4"]
[White "Trovita84"]
[Black "verdest"]
[Result "0-1"]
[WhiteElo "2046"]
[BlackElo "2474"]
[TimeControl "180+1"]
[EndTime "10:39:37 PST"]
[Termination "verdest won by checkmate"]

1. e4 c5 2. Nc3 Nc6 3. g3 g6 4. Bg2 Bg7 5. Nge2 d6 6. O-O Nf6 7. d4 cxd4 8. Nxd4 O-O 9. h3 Bd7 10. Be3 Nxd4 11. Bxd4 Bc6 12. Re1 Re8 13. Nd5 e6 14.
Nxf6+ Bxf6 15. Rb1 Bxd4 16. Qxd4 e5 17. Qd2 Qc7 18.
c3 Rad8 19. Rbd1 Kg7 20. h4 h6 21. h5 Qe7 22. hxg6 fxg6 23. c4 Rf8 24. b4 b6 25.
Qe3 Bb7 26. a4 Qc7 27. Rc1 Rf6 28. c5 bxc5 29. bxc5 Rdf8 30. c6 Bc8 31. Re2 Be6 32. Rb2 R8f7 33. Rb7 Qc8 34. Rxf7+ Rxf7 35. Qd2 Qc7 36.
Qe3 h5 37. Bf1 h4 38. Bb5 h3 39. Kh2 Qe7 40. c7 Bc8 41. Qxa7 Qf6 42. Rf1 Qf3 43. Qe3 Qg2# 0-1

[Event "*** Titled Tuesday Blitz"]
[Site "Chess.com"]
[Date "2021.03.02"]
[Round "4"]
[White "ShahMatKanal"]
[Black "FGHSMN"]
[Result "0-1"]
[WhiteElo "2497"]
[BlackElo "2673"]
[TimeControl "180+1"]
[EndTime "10:39:38 PST"]
[Termination "FGHSMN won on time"]

1. d4 Nf6 2. c3 c5 3. Nf3 e6 4.
Bf4 Nc6 5. e3 d5 6. Nbd2 Bd6 7.
Bg3 O-O 8. Bd3 Qe7 9. Ne5 Bxe5 10. dxe5 Nd7 11. f4 d4 12. exd4 cxd4 13. Ne4 dxc3 14.
bxc3 f5 15. Nd6 g5 16. Qe2 Qg7 17. Nc4 gxf4 18. Bxf4 b5 19. Nd6 Ndxe5 20. Bxb5 Ng6 21. O-O Nxf4 22. Rxf4 Qxc3 23. Rd1 Ne5 24. Kh1 Ng6 25. Rc4 Qf6 26. Rc7 Rb8 27. a4 e5 28. Qc4+ Be6 29.
Qc5 Rbd8 30. Qxa7 e4 31. Rxh7 Bb3 32. Rf1 Rxd6 33. h3 f4 0-1

[Event "*** Titled Tuesday Blitz"]
[Site "Chess.com"]
[Date "2021.03.02"]
[Round "4"]
[White "m_ezat"]
[Black "gisela_roque"]
[Result "1-0"]
[WhiteElo "2518"]
[BlackElo "1743"]
[TimeControl "180+1"]
[EndTime "10:39:38 PST"]
[Termination "m_ezat won by resignation"]

1. d4 e6 2. c4 Nf6 3. Nc3 Bb4 4.
Qc2 c5 5. d5 exd5 6. cxd5 Nxd5 7. e4 Ne7 8. Nf3 O-O 9. Bc4 Nbc6 10. O-O a6 11. Rd1 b5 12. Bd5 Bxc3 13. bxc3 Nxd5 14. exd5 Ne7 15. d6 Ng6 16. Be3 Bb7 17. Ng5 h6 18.
Nxf7 Rxf7 19. Qxg6 Rf6 20. Qg4 Qe8 21. Qh4 Rg6 22. g3 Qe6 23. Re1 Rg4 24. Qh3 Qe4 25.
Kf1 Qh1+ 26. Ke2 Qf3+ 27. Kd2 Rg6 28. Qxd7 Qd5+ 29. Kc2 Rxd6 30. Qg4 Qd3+ 31. Kb2 Be4 32. Rac1 b4 33. Red1 bxc3+ 34. Ka1 Qb5 35. Rxc3 Rxd1+ 36. Qxd1 Kh7 37. f3 Rb8 38. Rb3 1-0

[Event "*** Titled Tuesday Blitz"]
[Site "Chess.com"]
[Date "2021.03.02"]
[Round "4"]
[White "Abund"]
[Black "frenchpin"]
[Result "0-1"]
[WhiteElo "2663"]
[BlackElo "2515"]
[TimeControl "180+1"]
[EndTime "10:39:39 PST"]
[Termination "frenchpin won by resignation"]

1. e4 e6 2. d4 d5 3. Nd2 c5 4. Ngf3 Nc6 5. exd5 exd5 6. Bb5 Qe7+ 7. Qe2 Qxe2+ 8. Kxe2 a6 9. Bxc6+ bxc6 10. c3 a5 11.
Nb3 cxd4 12. cxd4 a4 13. Nc5 Bxc5 14. dxc5 Ba6+ 15. Kd1 f6 16. Bf4 Ne7 17. Re1 Kd7 18. Nd4 Rhe8 19. Kc2 Ng6 20. Bg3 Ne5 21. Kc3 Nd3 22.
Rxe8 Rxe8 23. Bd6 Nxf2 24. Nf5 g6 25. Ng3 Re3+ 26. Kb4 Bb5 27. b3 Nd3+ 28. Ka5 a3 29. Rb1 f5 30. h4 Nxc5 31. Nxf5 Nb7+ 32. Kb6 gxf5 33. Bf4 Re4 34. g3 Nd8 35. Rc1 Ne6 36. Bb8 d4 37. Rd1 d3 38. Rd2 Re2 39. Rd1 Rxa2 40. Be5 Rc2 0-1